 Dungeon Sprint DCSS version 0.28-a0-1382-g92835e5c71 (webtiles) character file.

Game seed: 12688267252128554075

233419 mhtbhm the Conqueror (level 17, -8/139 HPs)
             Began as a Gargoyle Berserker on Jan 1, 2022.
             Was the Champion of Trog.
             Mangled by Dispater (17 damage)
             ... in the Dungeon (Sprint III: "The Ten Rune Challenge").
             The game lasted 00:37:58 (13283 turns).

mhtbhm the Conqueror (Gargoyle Berserker)          Turns: 13283, Time: 00:37:59

Health: -8/139     AC: 44    Str: 28    XL:     17   Next: 49%
Magic:  0/17       EV: 18    Int: 13    God:    Trog [******]
Gold:   2026       SH: 25    Dex: 12    Spells: 16/16 levels left

rFire   + + +      SeeInvis +   a - +9 demon whip "Yxorch" {venom, Will+ Int+4}
rCold   . . .      Faith    .   d - +1 tower shield {reflect}
rNeg    + . .      Spirit   +   b - +3 fire dragon scales {Xtahua}
rPois   ∞          Reflect  +   z - +2 hat {SInv}
rElec   +          Harm     .   Q - +1 cloak {rPois}
rCorr   .          Rampage  .   v - +1 pair of gloves {Dex+3}
Will    ++++.      NoTele   +   y - +1 pair of boots
Stlth   +++.......              O - amulet of guardian spirit
HPRegen 1.33/turn               r - ring of Pihoczyb {Wiz rC+ Slay+5}
MPRegen 0.15/turn               j - ring of protection from fire

@: strong-willed, on berserk cooldown, flying, regenerating, slowed, studying 2
skills, very slow
A: sickness immunity, AC +12, big wings, negative energy resistance 1,
electricity resistance, torment resistance 1, petrification resistance, talons
1, see invisible
}: 5/10 runes: decaying, serpentine, silver, golden, demonic
a: Renounce Religion, Berserk, Trog's Hand, Brothers in Arms


You were in the Dungeon.
You worshipped Trog.
Trog was exalted by your worship.
You visited 1 branch You collected 4191 gold pieces.
You spent 2165 gold pieces at shops.

Inventory:

Hand Weapons
 a - the +9 demon whip "Yxorch" (weapon) {venom, Will+ Int+4}
   (You found it in the Dungeon)

   It poisons the flesh of those it strikes.
   Int:       It affects your intelligence (+4).
   Will:      It increases your willpower.
 q - a +2 trishula of holy wrath
Missiles
 c - 6 javelins
 h - 5 curare-tipped darts (quivered)
 x - 5 datura-tipped darts
 E - 5 atropa-tipped darts
Armour
 b - +3 fire dragon scales (worn) {Xtahua}
 d - a +1 tower shield of reflection (worn)
 n - the +1 helmet "Rorchehus" {Str+3 Slay+2}
   (You acquired it in the Dungeon)

   Str:       It affects your strength (+3).
   Slay:      It affects your accuracy & damage with ranged weapons and melee
   (+2).
 v - a +1 pair of gloves of dexterity (worn)
 y - a +1 pair of boots (worn)
 z - a +2 hat of see invisible (worn)
 Q - a +1 cloak of poison resistance (worn)
Jewellery
 j - a ring of protection from fire (right hand)
 r - the ring of Pihoczyb (left hand) {Wiz rC+ Slay+5}
   (You bought it in a shop in the Dungeon)

   [ring of wizardry]

   It improves your spell success rate.
   Slay:      It affects your accuracy & damage with ranged weapons and melee
   (+5).
   rC:        It protects you from cold.
 F - a ring of protection from cold
 O - an amulet of guardian spirit (around neck)
 P - a ring of protection from fire
Wands
 w - a wand of digging (9)
 I - a wand of charming (7)
 J - a wand of polymorph (5)
 K - a wand of acid (8)
 N - a wand of flame (15)
Scrolls
 i - a scroll of fear
 k - 2 scrolls of immolation
 l - 8 scrolls of identify
 t - 5 scrolls of amnesia
 B - 5 scrolls of enchant armour
 C - a scroll of summoning
 H - 2 scrolls of torment
 S - a scroll of silence {unknown}
Potions
 e - 2 potions of haste
 f - 2 potions of magic
 g - 2 potions of berserk rage
 m - 5 potions of flight
 o - a potion of attraction
 p - 4 potions of mutation
 u - 7 potions of curing
 A - a potion of lignification
 G - 6 potions of heal wounds
 M - a potion of invisibility
Miscellaneous
 s - a phantom mirror
 D - a lightning rod (4/4)
 L - a condenser vane
 R - the horn of Geryon


   Skills:
 O Level 27 Fighting
 O Level 27 Maces & Flails
 + Level 5.8 Throwing
 + Level 24.6 Armour
 + Level 20.2 Dodging
 + Level 9.8 Stealth
 O Level 27 Shields
 + Level 11.9 Evocations


You had 16 spell levels left.
You didn't know any spells.
Your spell library was empty.

Dungeon Overview and Level Annotations

Branches:
Dungeon (1/1)

Altars:
Cheibriados
Dithmenos
Elyvilon
Fedhas
Gozag
Hepliaklqana
Kikubaaqudgha
Makhleb
Nemelex Xobeh
Okawaru
Qazlal
Ru
Sif Muna
Trog
Uskayaw
Vehumet
Wu Jian
Xom
Yredelemnul
Zin
The Shining One
Beogh
Jiyva
Lugonu

Shops:
D [:!?:[:[!![!([:=!=[!?=*

Annotations:
D Dispater


Innate Abilities, Weirdness & Mutations

You are immune to sickness and miasma.
Your stone body is resilient. (AC +12)
You are immune to poison.
Your large and strong wings let you fly.
You resist negative energy. (rN+)
You are resistant to electric shocks. (rElec)
You are resistant to unholy torment.
You are immune to petrification.
You have sharp toenails.
You have supernaturally acute eyesight. (SInv)


Message History

Unknown command.
You thrash Dispater!!
Dispater is heavily wounded.
You block Dispater's attack.
Unknown command.
You whack Dispater!
Dispater is severely wounded.
Unknown command.
You hit Dispater but do no damage.
Dispater is severely wounded.
You are no longer berserk.
You are exhausted.
You feel yourself slow down.
You block the Hell Sentinel's attack. x2
Unknown command.
You completely miss Dispater.
Dispater is severely wounded.
The Hell Sentinel gestures at you.
The sphere of damnation explodes!
The damnation engulfs Dispater.
Dispater completely resists.
The damnation engulfs you!!!
* * * LOW HITPOINT WARNING * * *
The damnation engulfs the Hell Sentinel.
The Hell Sentinel completely resists.
The damnation engulfs the Hell Sentinel.
The Hell Sentinel completely resists.
You block Dispater's attack.
The Hell Sentinel roars! x2
You completely miss Dispater.
Dispater is severely wounded.
You block the Hell Sentinel's attack. The Hell Sentinel hits you.
* * * LOW HITPOINT WARNING * * *
Dispater completely misses you.
You completely miss Dispater.
Dispater is severely wounded.
The Hell Sentinel gestures at you.
The sphere of damnation explodes!
The damnation engulfs you!!
* * * LOW HITPOINT WARNING * * *
The damnation engulfs the Hell Sentinel.
The Hell Sentinel completely resists.
The damnation engulfs Dispater.
Dispater completely resists.
Dispater hits you with the +4 staff of Dispater!!
You die...

*,,,,***,,,,* ♣♣.♣♣≈..≈.♣
**,,,,,,,,,** ♣♣.≈♣♣♣♣♣♣.♣
**,,,,,,,** ♣..≈≈○°≈°..♣
***,_,*** ♣.†.°≈○§°≈.♣ *****
♣.♣.°○°.○.≈♣ ♣♣♣♣♣♣♣♣°∩∩♣
♣♣♣♣♣
##############**************
#.'..#.....@1#*≈,,,,,,,,,,,*
#.#..)..####&#*≈≈,,,,,,*****
#.####..#,,.1#*≈≈≈≈,,,,≈≈≈≈*
#.#.(##'#,1..#*,≈≈≈≈≈≈≈≈≈≈,*
#.#.[#..#.&.)#*,≈≈≈≈≈≈≈≈≈≈,*
#.'..#..#.):φ#*,,,≈≈≈≈≈≈,,,*
######''######*,,,,,≈≈,,,,,*
##.#.#..#.#.##*,,,,,,,,,,,,*
#....))......#*8,,,,,,,,,,8*


You could see Dispater (extremely poisoned) and 2 Hell Sentinels.

Vanquished Creatures
  Mara (D)
  Mennas (D)
  2 royal mummies (D)
  Boris (D)
  Xtahua (D)
  Frederick (D)
  A golden dragon (D)
  Nikola (D)
  A bone dragon (D)
  An iron giant (D)
  Rupert (D)
  2 Hell Sentinels (D)
  A lich (D)
  2 quicksilver dragons (D)
  A deep elf master archer (D)
  2 sphinxes (D)
  An ancient champion (D)
  Gastronok (D)
  3 shadow dragons (D)
  Chuck (D)
  A storm dragon (D)
  Roxanne (D)
  A nagaraja (D)
  Donald (D)
  3 fire giants (D)
  An iron dragon (D)
  A frost giant (D)
  4 war gargoyles (D)
  2 stone giants (D)
  5 vampire knights (D)
  2 dire elephants (D)
  A deep elf demonologist (D)
  Azrael (D)
  An iron golem (D)
  A deep elf death mage (D)
  A fire dragon (D)
  A deep elf high priest (D)
  3 yaktaur captains (D)
  9 mummy priests (D)
  3 hydras (D)
  14 vault guards (D)
  A naga warrior (D)
  2 hell beasts (D)
  2 centaur warriors (D)
  3 anacondas (D)
  An ogre mage (D)
  2 iron elementals (D)
  4 dancing weapons (D)
  4 death yaks (D)
  A titan zombie (D)
  Urug (D)
  A shock serpent (shapeshifter) (D)
  2 sun demons (D)
  A deep elf knight (D)
  2 soul eaters (D)
  A shadow wraith (D)
  8 skeletal warriors (D)
  A spectral iron dragon (D)
  2 anaconda zombies (D)
  A golden dragon zombie (D)
  A spriggan druid (D)
  A death drake (D)
  An orange crystal statue (D)
  An obsidian statue (D)
  4 deep elf zephyrmancers (D)
  2 deep elf pyromancers (D)
  A lindwurm (D)
  A mana viper (shapeshifter) (D)
  4 crystal guardians (D)
  8 slime creatures (D)
  2 oklob plants (D)
  2 elephants (D)
  An ugly thing (D)
  A stone giant skeleton (D)
  A molten gargoyle (D)
  A guardian serpent (D)
  An iron troll simulacrum (D)
  A torpor snail (shapeshifter) (D)
  A guardian serpent (shapeshifter) (D)
  3 rust devils (D)
  8 statues (D)
  6 black mambas (D)
  A rime drake (D)
  2 cane toads (D)
  9 yaktaurs (D)
  A komodo dragon (D)
  2 ice devils (D)
  A queen bee (D)
  3 wandering mushrooms (D)
  19 guardian mummies (D)
  4 spriggan defenders (D)
  2 tyrant leeches (D)
  8 blink frogs (D)
  An orc high priest (D)
  A slime creature (shapeshifter) (D)
  3 hornets (D)
  A dream sheep (shapeshifter) (D)
  2 spriggans (D)
  A shadow (D)
  A redback (shapeshifter) (D)
  5 redbacks (D)
  A spatial vortex (D)
  2 nagas (D)
  2 hell hounds (D)
  A hydra simulacrum (D)
  A floating eye (D)
  A swamp drake (D)
  An orc warrior (D)
  2 fire dragon simulacra (D)
  A necrophage (D)
  A black mamba simulacrum (D)
  5 two-headed ogres (D)
  A water elemental (D)
  32 killer bees (D)
  2 electric eels (D)
  Crazy Yiuf (D)
  6 orc priests (D)
  A jelly (D)
  A wizard (D)
  Jessica (D)
  An orc wizard (D)
  5 necromancers (D)
  A polar bear simulacrum (D)
  A kobold demonologist (D)
  3 humans (D)
  5 adders (D)
  An adder zombie (D)
  6 orcs (D)
  A bat zombie (D)
  An endoplasm (D)
  A quokka zombie (D)
  A rat (D)
  A ball lightning (D)
  2 bushes (D)
  8 butterflies (D)
  2 plants (D)
345 creatures vanquished.

Vanquished Creatures (collateral kills)
  Geryon (D)
  Nellie (D)
  Frances (D)
  A deep elf annihilator (D)
  A yaktaur captain (D)
  Erolcha (D)
  2 vault guards (D)
  An orc sorcerer (D)
  A yaktaur (D)
  An orc priest (D)
  An orc wizard (D)
  4 orcs (D)
16 creatures vanquished.

Vanquished Creatures (others)
  A deep elf pyromancer (D)
  2 electric eels (D)
  4 ball lightnings (D)
  3 ballistomycete spores (D)
  23 plants (D)
33 creatures vanquished.

Grand Total: 394 creatures vanquished

Notes
Turn   | Place    | Note
-------+----------+-------------------------------------------
     0 | D        | mhtbhm the Gargoyle Berserker began the quest for the Orb.
     0 | D        | Reached XP level 1. HP: 14/14 MP: 1/1
    53 | D        | Noticed Jessica
    59 | D        | Killed Jessica
    59 | D        | Reached ** piety under Trog
    60 | D        | Reached skill level 5 in Fighting
    60 | D        | Reached XP level 2. HP: 19/21 MP: 2/2
    60 | D        | Reached XP level 3. HP: 23/26 MP: 3/3
    77 | D        | Noticed Crazy Yiuf
    86 | D        | Killed Crazy Yiuf
    87 | D        | Reached skill level 5 in Maces & Flails
    94 | D        | Reached XP level 4. HP: 29/32 MP: 4/4
   339 | D        | Gained mutation: You have sharp toenails. [potion of
                  | mutation]
   339 | D        | Gained mutation: You have supernaturally acute eyesight.
                  | (SInv) [potion of mutation]
   342 | D        | Noticed a water elemental
   347 | D        | Killed a water elemental
   348 | D        | Reached XP level 5. HP: 38/38 MP: 5/5
   460 | D        | Found a radiant altar of Vehumet.
   460 | D        | Found a shimmering blue altar of Sif Muna.
   460 | D        | Found an ancient bone altar of Kikubaaqudgha.
   464 | D        | Reached *** piety under Trog
   524 | D        | Found a basalt altar of Yredelemnul.
   524 | D        | Found a shadowy altar of Dithmenos.
   524 | D        | Found a sacrificial altar of Ru.
   524 | D        | Noticed a necrophage
   529 | D        | Killed a necrophage
   530 | D        | Reached XP level 6. HP: 45/45 MP: 6/6
   533 | D        | Reached **** piety under Trog
   583 | D        | Found a glowing silver altar of Zin.
   583 | D        | Found a glowing golden altar of the Shining One.
   583 | D        | Found a white marble altar of Elyvilon.
   584 | D        | Noticed a deep elf pyromancer
   599 | D        | Killed a deep elf pyromancer
   600 | D        | Reached skill level 5 in Armour
   600 | D        | Reached skill level 5 in Dodging
   600 | D        | Reached XP level 7. HP: 39/54 MP: 7/7
   753 | D        | Found a hide-covered altar of Uskayaw.
   753 | D        | Found an iron altar of Okawaru.
   753 | D        | Found a bloodstained altar of Trog.
   753 | D        | Found an ornate altar of the Wu Jian Council.
   753 | D        | Noticed a human
   754 | D        | Noticed a human
   758 | D        | Killed a human
   759 | D        | Reached XP level 8. HP: 60/60 MP: 8/8
   841 | D        | Noticed a shadow
   846 | D        | Killed a shadow
   846 | D        | Reached ***** piety under Trog
   901 | D        | Found a blossoming altar of Fedhas.
   901 | D        | Found a stormy altar of Qazlal.
   901 | D        | Found a snail-covered altar of Cheibriados.
   901 | D        | Found a burning altar of Makhleb.
   901 | D        | Found a shimmering altar of Xom.
   902 | D        | Found a hazy altar of Hepliaklqana.
   902 | D        | Found an opulent altar of Gozag.
   902 | D        | Found a sparkling altar of Nemelex Xobeh.
   902 | D        | Found a corrupted altar of Lugonu.
   902 | D        | Found a viscous altar of Jiyva.
  1249 | D        | HP: 3/93 [two-headed ogre (18)]
  1552 | D        | Noticed a two-headed ogre
  1565 | D        | Killed a two-headed ogre
  1566 | D        | Reached XP level 9. HP: 62/67 MP: 9/9
  1684 | D        | Noticed Erolcha
  1684 | D        | Noticed a two-headed ogre
  1689 | D        | Killed Erolcha
  1690 | D        | Reached skill level 1 in Shields
  1694 | D        | Killed a two-headed ogre
  1949 | D        | Noticed an orc sorcerer
  1954 | D        | Found Oqibeg's Book Shop.
  1964 | D        | Reached ****** piety under Trog
  1971 | D        | HP: 5/103 [orc priest/nerve-wracking pain (4)]
  1973 | D        | Received a gift from Trog
  1973 | D        | HP: 1/69 [orc (2)]
  1976 | D        | Killed an orc sorcerer
  1977 | D        | Reached skill level 15 in Maces & Flails
  1977 | D        | Reached XP level 10. HP: 20/76 MP: 10/10
  1994 | D        | Received a gift from Trog
  2288 | D        | Reached skill level 1 in Evocations
  2295 | D        | Reached skill level 1 in Stealth
  2306 | D        | Noticed a cane toad
  2306 | D        | Noticed a cane toad
  2310 | D        | Killed a cane toad
  2310 | D        | Received a gift from Trog
  2311 | D        | Reached skill level 15 in Fighting
  2312 | D        | Killed a cane toad
  2707 | D        | Received a gift from Trog
  2793 | D        | Noticed a lindwurm
  2804 | D        | Killed a lindwurm
  2809 | D        | Reached skill level 10 in Dodging
  2809 | D        | Reached XP level 11. HP: 31/83 MP: 11/11
  3041 | D        | Noticed Urug
  3050 | D        | Killed Urug
  3115 | D        | Noticed an eight-headed hydra
  3115 | D        | Noticed a seven-headed hydra
  3124 | D        | Killed a seven-headed hydra
  3125 | D        | Reached skill level 5 in Shields
  3130 | D        | Killed an eight-headed hydra
  3130 | D        | Received a gift from Trog
  3278 | D        | Noticed a death drake
  3286 | D        | Killed a death drake
  3472 | D        | Received a gift from Trog
  3495 | D        | Received a gift from Trog
  3701 | D        | Received a gift from Trog
  3723 | D        | Received a gift from Trog
  3809 | D        | Noticed Donald
  3809 | D        | Noticed Frances
  3820 | D        | Noticed a soul eater
  3821 | D        | Killed Frances
  3826 | D        | Killed Donald
  3826 | D        | Received a gift from Trog
  3919 | D        | Reached XP level 12. HP: 85/93 MP: 12/12
  4232 | D        | Noticed a yaktaur captain
  4383 | D        | Received a gift from Trog
  4384 | D        | Reached skill level 10 in Armour
  4460 | D        | Found Dena's Antique Armour Shop.
  4460 | D        | Found Caus's Jewellery Boutique.
  4460 | D        | Found Ocri's General Store.
  4460 | D        | Found Gojiconk's Distillery.
  4460 | D        | Found Sukor's Jewellery Emporium.
  4460 | D        | Found Qathy's Book Shoppe.
  4460 | D        | Found Rukaos's Jewellery Shop.
  4460 | D        | Found Enuenisiu's Armour Shop.
  4460 | D        | Found Suis's Magic Scroll Emporium.
  4460 | D        | Found Qygrimp Zitu's Antique Weapon Emporium.
  4460 | D        | Found Koliwkou's Distillery.
  4501 | D        | Bought the ring of Pihoczyb {Wiz rC+ Slay+5} for 845 gold
                  | pieces
  4502 | D        | Bought a ring of flight for 227 gold pieces
  4509 | D        | Bought a potion of curing for 42 gold pieces
  4509 | D        | Bought a potion of heal wounds for 70 gold pieces
  4742 | D        | Identified the +6 demon trident "Xyskafui" {freeze, rN+}
  4763 | D        | Noticed a fire dragon
  4771 | D        | Killed a fire dragon
  4771 | D        | Received a gift from Trog
  4883 | D        | Noticed a centaur warrior
  4894 | D        | Killed a centaur warrior
  5112 | D        | Noticed a +5 short sword of holy wrath
  5114 | D        | Killed a +5 short sword of holy wrath
  5125 | D        | Identified the +9 demon whip "Yxorch" {venom, Will+ Int+4}
  5397 | D        | Noticed Rupert
  5402 | D        | Paralysed by Rupert for 7 turns
  5414 | D        | Killed Rupert
  5497 | D        | Noticed a death yak
  5498 | D        | Noticed a death yak
  5499 | D        | Noticed a death yak
  5504 | D        | Killed a death yak
  5504 | D        | Received a gift from Trog
  5508 | D        | Killed a death yak
  5509 | D        | Reached XP level 13. HP: 101/101 MP: 13/13
  5526 | D        | Noticed an azure jelly
  5526 | D        | Noticed an azure jelly
  5535 | D        | Received a gift from Trog
  5649 | D        | Found Aroynt's Antique Armour Shoppe.
  5649 | D        | Found Caivar's Book Boutique.
  5654 | D        | Found Imae's Distillery.
  5661 | D        | Bought a pair of embroidered boots for 187 gold pieces
  5679 | D        | Noticed Xtahua
  5701 | D        | Killed Xtahua
  5702 | D        | Reached skill level 10 in Shields
  5743 | D        | Got a decaying rune of Zot
  5823 | D        | Noticed a dire elephant
  5828 | D        | Noticed a dire elephant
  5828 | D        | Noticed Gastronok
  5836 | D        | Killed a dire elephant
  5837 | D        | Reached skill level 1 in Throwing
  5847 | D        | Killed a dire elephant
  5855 | D        | Killed Gastronok
  5855 | D        | Received a gift from Trog
  5856 | D        | Reached skill level 5 in Stealth
  5998 | D        | Received a gift from Trog
  6215 | D        | Noticed a nagaraja
  6216 | D        | Noticed a naga warrior
  6219 | D        | Found Xoutyss's Magic Scroll Shop.
  6219 | D        | Found Souw's Book Shoppe.
  6232 | D        | Killed a nagaraja
  6232 | D        | Received a gift from Trog
  6233 | D        | Killed a naga warrior
  6238 | D        | Found Iwexzamaca's Antique Armour Boutique.
  6288 | D        | Bought a scroll of enchant armour for 75 gold pieces
  6288 | D        | Bought a scroll of magic mapping for 35 gold pieces
  6305 | D        | Got a serpentine rune of Zot
  6434 | D        | Received a gift from Trog
  6473 | D        | Noticed a yaktaur captain
  6621 | D        | Killed a yaktaur captain
  6790 | D        | Killed a yaktaur captain
  6791 | D        | Reached skill level 15 in Armour
  6791 | D        | Gained mutation: Your large and strong wings let you fly.
                  | [Gargoyle growth]
  6791 | D        | Reached XP level 14. HP: 112/112 MP: 14/14
  6800 | D        | Noticed Azrael
  6806 | D        | Killed Azrael
  6806 | D        | Received a gift from Trog
  6874 | D        | Noticed Nellie
  6895 | D        | Killed Nellie
  6969 | D        | Got a demonic rune of Zot
  7194 | D        | Noticed a deep elf annihilator
  7196 | D        | Received a gift from Trog
  7483 | D        | Noticed a deep elf master archer
  7569 | D        | Acquired a manual of Dodging
  7600 | D        | Killed a deep elf annihilator
  7600 | D        | Noticed a deep elf demonologist
  7601 | D        | Received a gift from Trog
  7611 | D        | Killed a ghostly deep elf annihilator
  8078 | D        | Killed a deep elf master archer
  8084 | D        | Killed a deep elf demonologist
  8266 | D        | Identified the amulet "Kes Aklaa" {RegenMP rPois rC+ Dex-5}
  8266 | D        | Identified the ring of Epink {Int+6 Dex+2}
  8381 | D        | Found a blossoming altar of Fedhas.
  8387 | D        | Received a gift from Trog
  8549 | D        | Noticed Chuck
  8562 | D        | Killed Chuck
  8623 | D        | Noticed a vampire knight
  8631 | D        | Killed a vampire knight
  8631 | D        | Identified the +2 mace "Zih Uvola" {vorpal, +Blink} (Trog
                  | gifted it to you in the Dungeon)
  8631 | D        | Received a gift from Trog
  8672 | D        | Received a gift from Trog
  8673 | D        | Reached skill level 5 in Evocations
  8678 | D        | Noticed a vampire knight
  8688 | D        | Killed a vampire knight
  8698 | D        | Reached skill level 15 in Shields
  8725 | D        | Received a gift from Trog
  8732 | D        | Noticed a vampire knight
  8735 | D        | Killed a vampire knight
  8803 | D        | Noticed a bone dragon
  8822 | D        | Killed a bone dragon
  8822 | D        | Received a gift from Trog
  8960 | D        | Noticed a sphinx
  8960 | D        | Noticed a sphinx
  8975 | D        | Killed a sphinx
  8983 | D        | Killed a sphinx
  9190 | D        | Received a gift from Trog
  9196 | D        | Reached XP level 15. HP: 122/122 MP: 15/15
  9706 | D        | Noticed Frederick
  9726 | D        | Killed Frederick
  9726 | D        | Received a gift from Trog
  9806 | D        | Noticed a lich
  9811 | D        | Killed a lich
  9812 | D        | Reached skill level 15 in Dodging
  9816 | D        | Received a gift from Trog
  9839 | D        | Noticed a shadow dragon
  9839 | D        | Noticed a shadow dragon
  9860 | D        | Killed a shadow dragon
  9873 | D        | Killed a shadow dragon
  9873 | D        | Received a gift from Trog
 10160 | D        | Noticed a frost giant
 10160 | D        | Noticed a fire giant
 10160 | D        | Noticed a quicksilver dragon
 10160 | D        | Noticed a golden dragon
 10160 | D        | Noticed a fire giant
 10160 | D        | Noticed a quicksilver dragon
 10160 | D        | Noticed a fire giant
 10161 | D        | Noticed a shadow dragon
 10174 | D        | Received a gift from Trog
 10174 | D        | Killed a quicksilver dragon
 10179 | D        | Killed a fire giant
 10179 | D        | Received a gift from Trog
 10179 | D        | Killed a frost giant
 10185 | D        | Killed a shadow dragon
 10185 | D        | Received a gift from Trog
 10189 | D        | Killed a quicksilver dragon
 10197 | D        | Killed a golden dragon
 10200 | D        | Killed a fire giant
 10200 | D        | Received a gift from Trog
 10211 | D        | Killed a fire giant
 10211 | D        | Received a gift from Trog
 10212 | D        | Reached skill level 27 in Fighting
 10214 | D        | Reached XP level 16. HP: 133/133 MP: 16/16
 10265 | D        | Found the +11 plutonium sword {Contam Stlth-}
 10272 | D        | Got a silver rune of Zot
 10281 | D        | Identified the +1 trident "Riesch" {spect, Will+ SInv}
 10282 | D        | Identified the ring of Zoviloimpopn {rPois rC- Will+ Int+6
                  | Slay+3}
 10513 | D        | Acquired a manual of Armour
 10518 | D        | Noticed a royal mummy
 10518 | D        | Noticed a royal mummy
 10520 | D        | Identified the +6 broad axe "Ecsaec" {flame, Str+9} (Trog
                  | gifted it to you in the Dungeon)
 10520 | D        | Received a gift from Trog
 10520 | D        | Received a gift from Trog
 10530 | D        | Killed a royal mummy
 10546 | D        | Killed a royal mummy
 10546 | D        | Received a gift from Trog
 10753 | D        | Got a golden rune of Zot
 10778 | D        | Acquired a manual of Armour
 10782 | D        | Acquired the +1 helmet "Rorchehus" {Str+3 Slay+2}
 10801 | D        | Acquired 766 gold pieces
 10805 | D        | Acquired 855 gold pieces
 10809 | D        | Acquired a +1 pair of gloves of dexterity
 11099 | D        | Received a gift from Trog
 11104 | D        | Paralysed by an air elemental for 1 turns
 11204 | D        | Found Oriw's Distillery.
 11204 | D        | Found Itrinul's Armour Shop.
 11204 | D        | Found Siuph's Distillery.
 11204 | D        | Found Gimockaa's Distillery.
 11264 | D        | Bought a potion of heal wounds for 70 gold pieces
 11264 | D        | Bought a potion of heal wounds for 70 gold pieces
 11264 | D        | Bought a potion of invisibility for 112 gold pieces
 11265 | D        | Bought a potion of heal wounds for 60 gold pieces
 11267 | D        | Bought a potion of heal wounds for 60 gold pieces
 11267 | D        | Bought a potion of heal wounds for 60 gold pieces
 11267 | D        | Bought a potion of heal wounds for 60 gold pieces
 11267 | D        | Bought 2 potions of curing for 72 gold pieces
 11267 | D        | Bought a potion of haste for 120 gold pieces
 11272 | D        | Noticed Roxanne
 11286 | D        | Killed Roxanne
 11286 | D        | Received a gift from Trog
 11434 | D        | Found Zasuimep's Armour Boutique.
 11645 | D        | Noticed Nikola
 11645 | D        | Noticed a storm dragon
 11651 | D        | Killed a storm dragon
 11661 | D        | Killed Nikola
 11661 | D        | Received a gift from Trog
 12082 | D        | Noticed Mara
 12084 | D        | Noticed mhtbhm's illusion
 12092 | D        | Noticed mhtbhm's illusion
 12099 | D        | Killed Mara
 12104 | D        | Received a gift from Trog
 12188 | D        | Noticed an ancient champion
 12191 | D        | Killed an ancient champion
 12191 | D        | Received a gift from Trog
 12192 | D        | Reached skill level 10 in Evocations
 12192 | D        | Identified the +6 rapier of Tension {vamp, Dex+3}
 12216 | D        | Noticed Boris
 12246 | D        | Killed Boris
 12246 | D        | Identified the +7 flail of Turmoil {antimagic, *Slow rElec
                  | Str+8 Dex-3} (Trog gifted it to you in the Dungeon)
 12246 | D        | Received a gift from Trog
 12293 | D        | Noticed Mennas
 12329 | D        | Killed Mennas
 12479 | D        | Identified the +11 mace of Ythiluwk {flame, Will+ Dex+6}
                  | (Trog gifted it to you in the Dungeon)
 12479 | D        | Received a gift from Trog
 12483 | D        | Reached XP level 17. HP: 138/139 MP: 17/17
 12643 | D        | Reached skill level 27 in Maces & Flails
 12645 | D        | Received a gift from Trog
 12654 | D        | Reached skill level 27 in Shields
 12731 | D        | Noticed Geryon
 12734 | D        | Identified the +1 flail of Fogupla {vorpal, Dex+4 SInv}
                  | (Trog gifted it to you in the Dungeon)
 12734 | D        | Received a gift from Trog
 12738 | D        | Received a gift from Trog
 12753 | D        | Killed Geryon
 12754 | D        | Reached skill level 5 in Throwing
 12848 | D        | Noticed an iron giant
 12858 | D        | Killed an iron giant
 12865 | D        | Received a gift from Trog
 12865 | D        | Found the +8 Vampire's Tooth {vamp}
 12984 | D        | Received a gift from Trog
 13147 | D        | Noticed a Hell Sentinel
 13159 | D        | Killed a Hell Sentinel
 13169 | D        | Identified the +0 tower shield "Macouv" {rF+ Dex+6 SInv
                  | Stlth-}
 13169 | D        | Identified the +0 cloak of Exceptional Awe {Dex+2}
 13221 | D        | Found the -2 hat of the Alchemist {rElec rPois rF+ rC+ rN+
                  | Will+ rMut rCorr}
 13221 | D        | Noticed a Hell Sentinel
 13221 | D        | Found the +4 staff of Dispater
 13221 | D        | Noticed Dispater
 13223 | D        | Noticed a Hell Sentinel
 13229 | D        | Noticed a Hell Sentinel
 13257 | D        | Killed a Hell Sentinel
 13264 | D        | Noticed a Hell Sentinel
 13275 | D        | Noticed a Hell Sentinel
 13283 | D        | Mangled by Dispater

Illustrated notes

Levels and vault maps discovered:
D:        dungeon_sprint_mu [sprint_mu_entry_cave, sprint_mu_temple_rooms,
          sprint_mu_d1_spiders, sprint_mu_d2_genie, sprint_mu_d3_branching,
          sprint_mu_orc_legion, sprint_mu_elf_gauntlet, sprint_mu_hive_nellie,
          sprint_mu_lair_fedhas, sprint_mu_vaults_butterflies,
          sprint_mu_slime_circle, sprint_mu_swamp_cave, sprint_mu_snake_twists,
          sprint_mu_blade_basic, sprint_mu_crypt_chambers,
          sprint_mu_tomb_spiral, sprint_mu_vestibule_basic,
          sprint_mu_gehenna_hellfire, sprint_mu_dis_giant,
          sprint_mu_tartarus_statrot, sprint_mu_cocytus_islands, sprint_mu_zot1]

Skill      XL: |  1  2  3  4  5  6  7  8  9 10 11 12 13 14 15 16 17 |
---------------+----------------------------------------------------+-----
Fighting       | 5 6 7 8 11 12 14 16 18 20 22 24 27 | 27.0
Maces & Flails | 4 5 7 8 11 13 15 16 18 19 20 22 24 26 27 | 27.0
Dodging        | 2 3 4 5 6 8 10 11 12 13 14 16 18 20 | 20.2
Armour         | 3 4 5 6 7 9 12 15 16 17 20 24 | 24.6
Shields        | 2 4 5 8 12 16 21 26 27 | 27.0
Evocations     | 1 2 6 7 10 11 | 11.9
Stealth        | 1 4 5 6 7 8 9 |  9.8
Throwing       | 1 3 4 5 |  5.8

Action                   |  1- 3 |  4- 6 |  7- 9 | 10-12 | 13-15 | 16-18 || total
-------------------------+-------+-------+-------+-------+-------+-------++-------
Melee: Mace              |    14 |    31 |    73 |    12 |       |       ||   130
       Kick              |       |     6 |    28 |    88 |    11 |       ||   133
       Dire flail        |       |       |       |   172 |       |       ||   172
       Morningstar       |       |       |       |   111 |       |       ||   111
       Demon whip        |       |       |       |    28 |   465 |   413 ||   906
Throw: Dart              |       |       |       |     1 |     7 |     1 ||     9
Invok: Berserk           |     1 |     4 |     9 |    16 |    15 |    14 ||    59
       Brothers in Arms  |       |       |     1 |     2 |     4 |     1 ||     8
       Trog's Hand       |       |       |       |     1 |     2 |     2 ||     5
Evoke: Phantom mirror    |       |       |     2 |     1 |     2 |       ||     5
       Wand              |       |       |       |       |     3 |       ||     3
       Lightning rod     |       |       |       |       |    19 |       ||    19
       Condenser vane    |       |       |       |       |     2 |     4 ||     6
  Use: Potion            |       |     1 |     3 |       |     2 |     2 ||     8
       Scroll            |       |       |       |     5 |     6 |     8 ||    19
 Stab: Sleeping          |       |       |       |     1 |       |     1 ||     2
       Distracted        |       |       |       |       |     2 |       ||     2
Armor: Animal skin       |     2 |     7 |    19 |    17 |       |       ||    45
       Scale mail        |       |       |       |    72 |    18 |       ||    90
       Fire dragon scale |       |       |       |       |   126 |    90 ||   216
Dodge: Dodged            |     4 |     4 |    36 |   160 |   130 |    59 ||   393
Block: Buckler           |       |       |     7 |     4 |       |       ||    11
       Kite shield       |       |       |       |    27 |   118 |       ||   145
       Reflection        |       |       |       |     1 |    15 |    23 ||    39
       Tower shield      |       |       |       |       |    53 |   243 ||   296

Table legend: (Time is in decaauts) A = Elapsed time spent in this place. B = Non-inter-level travel time spent in this place. C = Inter-level travel time spent in this place. D = Time resting spent in this place. E = Time spent auto-exploring this place. F = Levels seen in this place. G = Mean time per level. A B C D E F G +--------+--------+--------+--------+--------+-----+--------+ Total | 13303 | 13191 | 112 | 8741 | 149 | 1 | 13303.0 | Dungeon | 13303 | 13191 | 112 | 8741 | 149 | 1 | 13303.0 | +--------+--------+--------+--------+--------+-----+--------+

Top non-repeatable levels by time:
       D: 13303 daAuts
